NCAA
COLORADO BUFFALOES @ AUBURN TIGERS
04/11/2027
 
TOP OF THE 1ST
Colorado Buffaloes batting - Pitching for Auburn Tigers : RHP Jeremiah Moran
Pitching: RHP Jeremiah Moran
Batting: SHB Edgardo Guzmán 0-0: Called Strike
0-1: Swinging Strike
0-2: Ball
1-2: Ball
2-2: Ball
3-2: SOLO HOME RUN (Flyball, 9LD), Distance : 334 ft
Batting: LHB Marcos Fontanez 0-0: Ball
1-0: Ground out 4-3 (Groundball, 4)
Batting: LHB Ethan Shaw 0-0: Ball
1-0: DOUBLE (Flyball, 78D)
Batting: LHB Claudio Jaramillo 0-0: Ball
1-0: Ball
2-0: Swinging Strike
2-1: Ball
3-1: Foul Ball, location: 2F
3-2: Strikes out swinging
Batting: RHB John Jones 0-0: SINGLE (Line Drive, 7LS)
Ethan Shaw to third
Runner from 3rd tries for Home, SAFE, no throw
Batting: SHB Caleb Hart 0-0: Ball
1-0: Ball
2-0: Ball
3-0: Base on Balls
John Jones to second
Batting: RHB Roger Lamb 0-0: Fly out, F9 (Flyball, 9LS)
Top of the 1st over - 2 run(s), 3 hit(s), 0 error(s), 2 left on base; Colorado 2 - Auburn 0
BOTTOM OF THE 1ST
Auburn Tigers batting - Pitching for Colorado Buffaloes : LHP Marcus Chuter
Pitching: LHP Marcus Chuter
Batting: RHB Bill Petty 0-0: Ball
1-0: SINGLE (Groundball, 4MD)
Batting: RHB Valentín Saldaña 0-0: Called Strike
0-1: Swinging Strike
0-2: Strikes out looking
Batting: SHB Garrett Waller 0-0: Ball
1-0: Called Strike
1-1: Swinging Strike
1-2: Foul Ball, location: 2F
1-2: Foul Ball, location: 2F
1-2: Ball
2-2: SINGLE (Groundball, 4D)
Bill Petty to second
Runner from 2nd tries for 3rd, SAFE, throw made to third
Garrett Waller to second
Batting: RHB Robert Porter 0-0: Foul Ball, location: 2F
0-1: Swinging Strike
0-2: Foul Ball, location: 2F
0-2: DOUBLE (Line Drive, 7LM)
Bill Petty scores
Garrett Waller scores
Batting: SHB Mike Robinson 0-0: Ball
1-0: Ball
2-0: Fly out, F9 (Flyball, 89M)
Batting: RHB Patrick Stewart 0-0: Swinging Strike
0-1: Ball
1-1: Ball
2-1: Ball
3-1: Base on Balls
Batting: RHB Jerry Browning 0-0: Ball
1-0: Swinging Strike
1-1: Ball
2-1: Swinging Strike
2-2: Strikes out swinging
Bottom of the 1st over - 2 run(s), 3 hit(s), 0 error(s), 2 left on base; Colorado 2 - Auburn 2
TOP OF THE 2ND
Colorado Buffaloes batting - Pitching for Auburn Tigers : RHP Jeremiah Moran
Batting: RHB Jeff Atkinson 0-0: Swinging Strike
0-1: Ball
1-1: Foul Ball, location: 2F
1-2: Ball
2-2: Strikes out swinging
Batting: LHB Mark Spencer 0-0: Called Strike
0-1: Ball
1-1: Foul Ball, location: 2F
1-2: SINGLE (Flyball, 7LS)
Batting: SHB Edgardo Guzmán 0-0: Called Strike
0-1: Ball
1-1: Ball
Throwing error on steal attempt, E2
Mark Spencer to third
2-1: Fly out, F8 (Flyball, 89M)
Runner from 3rd tags up, SCORES, no throw
Batting: LHB Marcos Fontanez 0-0: Foul Ball, location: 2F
0-1: Foul Ball, location: 2F
0-2: Fly out, F7 (Flyball, 7S)
Top of the 2nd over - 1 run(s), 1 hit(s), 1 error(s), 0 left on base; Colorado 3 - Auburn 2
BOTTOM OF THE 2ND
Auburn Tigers batting - Pitching for Colorado Buffaloes : LHP Marcus Chuter
Batting: LHB Matt Kennedy 0-0: Fly out, F7 (Flyball, 7)
Batting: RHB Travis Curtis 0-0: Called Strike
0-1: Ball
1-1: Foul Ball, location: 2F
1-2: Ball
2-2: Fly out, F5 (Line Drive, 56)
Batting: RHB Bill Petty 0-0: Ball
1-0: Ball
2-0: Ball
3-0: Base on Balls
Batting: RHB Valentín Saldaña 0-0: Called Strike
Bill Petty steals 2nd base
0-1: Ball
1-1: Ball
2-1: Swinging Strike
2-2: Strikes out looking
Bottom of the 2nd over - 0 run(s), 0 hit(s), 0 error(s), 1 left on base; Colorado 3 - Auburn 2
TOP OF THE 3RD
Colorado Buffaloes batting - Pitching for Auburn Tigers : RHP Jeremiah Moran
Batting: LHB Ethan Shaw 0-0: Called Strike
0-1: Foul Ball, location: 2F
0-2: Ball
1-2: Ball
2-2: Foul Ball, location: 2F
2-2: Foul Ball, location: 2F
2-2: Strikes out swinging
Batting: LHB Claudio Jaramillo 0-0: Swinging Strike
0-1: Swinging Strike
0-2: Ball
1-2: Strikes out swinging
Batting: RHB John Jones 0-0: Foul Ball, location: 2F
0-1: Ball
1-1: Ball
2-1: Foul Ball, location: 2F
2-2: Ball
3-2: Foul Ball, location: 2F
3-2: Strikes out looking
Top of the 3rd over - 0 run(s), 0 hit(s), 0 error(s), 0 left on base; Colorado 3 - Auburn 2
BOTTOM OF THE 3RD
Auburn Tigers batting - Pitching for Colorado Buffaloes : LHP Marcus Chuter
Batting: SHB Garrett Waller 0-0: Foul Ball, location: 2F
0-1: Swinging Strike
0-2: Foul Ball, location: 2F
0-2: Ball
1-2: Ball
2-2: Strikes out looking
Batting: RHB Robert Porter 0-0: Swinging Strike
0-1: Fly out, F8 (Flyball, 8LS)
Batting: SHB Mike Robinson 0-0: Called Strike
0-1: Ball
1-1: Ball
2-1: Ground out 1-3 (Groundball, 15)
Bottom of the 3rd over - 0 run(s), 0 hit(s), 0 error(s), 0 left on base; Colorado 3 - Auburn 2
TOP OF THE 4TH
Colorado Buffaloes batting - Pitching for Auburn Tigers : RHP Jeremiah Moran
Batting: SHB Caleb Hart 0-0: Called Strike
0-1: Called Strike
0-2: Ball
1-2: Ground out 4-3 (Groundball, 4M)
Batting: RHB Roger Lamb 0-0: Ball
1-0: Ball
2-0: Ball
3-0: Called Strike
3-1: Foul Ball, location: 2F
3-2: Fly out, F7 (Flyball, 78S)
Batting: RHB Jeff Atkinson 0-0: Ground out 5-3 (Groundball, 56S)
Top of the 4th over - 0 run(s), 0 hit(s), 0 error(s), 0 left on base; Colorado 3 - Auburn 2
BOTTOM OF THE 4TH
Auburn Tigers batting - Pitching for Colorado Buffaloes : LHP Marcus Chuter
Batting: RHB Patrick Stewart 0-0: Ball
1-0: Called Strike
1-1: Swinging Strike
1-2: Foul Ball, location: 2F
1-2: Strikes out looking and he ARGUES THE CALL AND IS TOSSED!
Batting: RHB Jerry Browning 0-0: Called Strike
0-1: Called Strike
0-2: Strikes out swinging
Batting: LHB Matt Kennedy 0-0: Called Strike
0-1: Fly out, F5 (Popup, 5D)
Bottom of the 4th over - 0 run(s), 0 hit(s), 0 error(s), 0 left on base; Colorado 3 - Auburn 2
TOP OF THE 5TH
Colorado Buffaloes batting - Pitching for Auburn Tigers : RHP Jeremiah Moran
Now at 1B: Bruce MacPherson
Batting: LHB Mark Spencer 0-0: Ball
1-0: Ball
2-0: Ball
3-0: Base on Balls
Batting: SHB Edgardo Guzmán 0-0: Ball
1-0: Ball
Mark Spencer is caught stealing 2nd base
2-0: Ground out U3 (Groundball, 34)
Batting: LHB Marcos Fontanez 0-0: Ball
1-0: Ball
2-0: Foul Ball, location: 2F
2-1: Called Strike
2-2: Foul Ball, location: 2F
2-2: Ball
3-2: Strikes out swinging
Top of the 5th over - 0 run(s), 0 hit(s), 0 error(s), 0 left on base; Colorado 3 - Auburn 2
BOTTOM OF THE 5TH
Auburn Tigers batting - Pitching for Colorado Buffaloes : LHP Marcus Chuter
Batting: RHB Travis Curtis 0-0: Called Strike
0-1: Ball
1-1: Ball
2-1: Reached on error, E6 (Groundball, 56)
Batting: RHB Bill Petty 0-0: Foul Ball, location: 2F
0-1: Swinging Strike
0-2: Fly out, F9 (Flyball, 9LS)
Batting: RHB Valentín Saldaña 0-0: Called Strike
0-1: Ball
1-1: Ball
2-1: Fly out, F8 (Line Drive, 8RM)
Batting: SHB Garrett Waller 0-0: Ball
1-0: Called Strike
1-1: Fly out, F3 (Line Drive, 3)
Bottom of the 5th over - 0 run(s), 0 hit(s), 1 error(s), 1 left on base; Colorado 3 - Auburn 2
TOP OF THE 6TH
Colorado Buffaloes batting - Pitching for Auburn Tigers : RHP Jeremiah Moran
Pitching: RHP Carl Woodward
Batting: LHB Ethan Shaw 0-0: Ground out U3 (Groundball, 3L)
Batting: LHB Claudio Jaramillo 0-0: Ball
1-0: Ball
2-0: Ball
3-0: Base on Balls
Batting: RHB John Jones 0-0: Called Strike
0-1: Ball
1-1: Ground out 5-3 (Groundball, 56S)
Claudio Jaramillo to second
Batting: SHB Caleb Hart 0-0: Ball
1-0: Foul Ball, location: 2F
1-1: Called Strike
1-2: Foul Ball, location: 2F
1-2: Ball
2-2: Strikes out looking
Top of the 6th over - 0 run(s), 0 hit(s), 0 error(s), 1 left on base; Colorado 3 - Auburn 2
BOTTOM OF THE 6TH
Auburn Tigers batting - Pitching for Colorado Buffaloes : LHP Marcus Chuter
Pitching: LHP Marc Fontenot
Batting: RHB Robert Porter 0-0: Called Strike
0-1: Foul Ball, location: 2F
0-2: Strikes out swinging
Batting: SHB Mike Robinson 0-0: Foul Ball, location: 2F
0-1: Foul Ball, location: 2F
0-2: Ball
1-2: Foul Ball, location: 2F
1-2: Ball
2-2: Foul Ball, location: 2F
2-2: Foul Ball, location: 2F
2-2: Foul Ball, location: 2F
2-2: Fly out, F9 (Flyball, 9S)
Batting: SHB Bruce MacPherson 0-0: Called Strike
0-1: Called Strike
0-2: Strikes out looking
Bottom of the 6th over - 0 run(s), 0 hit(s), 0 error(s), 0 left on base; Colorado 3 - Auburn 2
TOP OF THE 7TH
Colorado Buffaloes batting - Pitching for Auburn Tigers : RHP Carl Woodward
Batting: RHB Roger Lamb 0-0: Foul Ball, location: 2F
0-1: Swinging Strike
0-2: Foul Ball, location: 2F
0-2: Ball
1-2: Foul Ball, location: 2F
1-2: Ball
2-2: Strikes out looking
Pitching: LHP Carl Piña
Batting: RHB Jeff Atkinson 0-0: Called Strike
0-1: Called Strike
0-2: Strikes out swinging
Batting: LHB Mark Spencer 0-0: Called Strike
0-1: Ball
1-1: Foul Ball, location: 2F
1-2: Strikes out swinging
Top of the 7th over - 0 run(s), 0 hit(s), 0 error(s), 0 left on base; Colorado 3 - Auburn 2
BOTTOM OF THE 7TH
Auburn Tigers batting - Pitching for Colorado Buffaloes : LHP Marc Fontenot
Batting: RHB Jerry Browning 0-0: Ball
1-0: Foul Ball, location: 2F
1-1: Called Strike
1-2: Ball
2-2: Ball
3-2: SINGLE (Groundball, 34D)
Batting: LHB Matt Kennedy 0-0: Foul Ball, location: 2F
0-1: Ball
1-1: Bunt missed!
1-2: Foul Ball, location: 2F
1-2: Ball
2-2: Grounds into double play, 1-6-3 (Groundball, 13S)
Batting: RHB Travis Curtis 0-0: Called Strike
0-1: Ball
1-1: Fly out, F2 (Popup, 5S)
Bottom of the 7th over - 0 run(s), 1 hit(s), 0 error(s), 0 left on base; Colorado 3 - Auburn 2
TOP OF THE 8TH
Colorado Buffaloes batting - Pitching for Auburn Tigers : LHP Carl Piña
Batting: SHB Edgardo Guzmán 0-0: Ball
1-0: Ball
2-0: Ground out 6-3 (Groundball, 6)
Pitching: LHP Bill Mahoney
Batting: LHB Marcos Fontanez 0-0: Foul Ball, location: 2F
0-1: Swinging Strike
0-2: Ball
1-2: Ground out 1-3 (Groundball, 15S)
Batting: LHB Ethan Shaw 0-0: Ball
1-0: Fly out, F6 (Popup, 6)
Top of the 8th over - 0 run(s), 0 hit(s), 0 error(s), 0 left on base; Colorado 3 - Auburn 2
BOTTOM OF THE 8TH
Auburn Tigers batting - Pitching for Colorado Buffaloes : LHP Marc Fontenot
Batting: RHB Bill Petty 0-0: Fly out, F4 (Line Drive, 4)
Batting: RHB Valentín Saldaña 0-0: Ball
1-0: Called Strike
1-1: Ball
2-1: DOUBLE (Line Drive, 9LM)
Batting: SHB Garrett Waller 0-0: Ball
1-0: Swinging Strike
1-1: Hit by Pitch
Batting: RHB Robert Porter 0-0: Foul Ball, location: 2F
0-1: Swinging Strike
0-2: Ball
1-2: Ball
2-2: Ball
3-2: SINGLE (Line Drive, 56)
Valentín Saldaña to third
Garrett Waller to second
Runner from 3rd tries for Home, SAFE, no throw
Batting: SHB Mike Robinson 0-0: Ball
1-0: Ball
2-0: Grounds into double play, 4-6-3 (Groundball, 4M)
Bottom of the 8th over - 1 run(s), 2 hit(s), 0 error(s), 1 left on base; Colorado 3 - Auburn 3
TOP OF THE 9TH
Colorado Buffaloes batting - Pitching for Auburn Tigers : LHP Bill Mahoney
Pitching: RHP Eddy Jackson
Batting: LHB Claudio Jaramillo 0-0: Ball
1-0: Swinging Strike
1-1: Called Strike
1-2: Ball
2-2: Strikes out looking
Batting: RHB John Jones 0-0: SINGLE (Groundball, 4D)
Batting: SHB Caleb Hart 0-0: Ball
1-0: Foul Ball, location: 2F
1-1: Called Strike
1-2: Fly out, F7 (Flyball, 7S)
Batting: RHB Roger Lamb 0-0: Called Strike
0-1: Ball
1-1: Called Strike
1-2: Strikes out swinging
Top of the 9th over - 0 run(s), 1 hit(s), 0 error(s), 1 left on base; Colorado 3 - Auburn 3
BOTTOM OF THE 9TH
Auburn Tigers batting - Pitching for Colorado Buffaloes : LHP Marc Fontenot
Batting: SHB Bruce MacPherson 0-0: Called Strike
0-1: Foul Ball, location: 2F
0-2: Strikes out swinging
Batting: RHB Jerry Browning 0-0: Ball
1-0: Foul Ball, location: 2F
1-1: Fly out, F2 (Popup, 56S)
Batting: LHB Matt Kennedy 0-0: Ball
1-0: Ball
2-0: Called Strike
2-1: Called Strike
2-2: Strikes out swinging
Bottom of the 9th over - 0 run(s), 0 hit(s), 0 error(s), 0 left on base; Colorado 3 - Auburn 3
TOP OF THE 10TH
Colorado Buffaloes batting - Pitching for Auburn Tigers : RHP Eddy Jackson
Batting: RHB Jeff Atkinson 0-0: Swinging Strike
0-1: Ball
1-1: Ball
2-1: Ball
3-1: Called Strike
3-2: Strikes out swinging
Batting: LHB Mark Spencer 0-0: Called Strike
0-1: Swinging Strike
0-2: Strikes out looking
Batting: SHB Edgardo Guzmán 0-0: Swinging Strike
0-1: Ground out 4-3 (Groundball, 4)
Top of the 10th over - 0 run(s), 0 hit(s), 0 error(s), 0 left on base; Colorado 3 - Auburn 3
BOTTOM OF THE 10TH
Auburn Tigers batting - Pitching for Colorado Buffaloes : LHP Marc Fontenot
Pitching: LHP David Rodríguez
Batting: RHB Travis Curtis 0-0: Called Strike
0-1: Foul Ball, location: 2F
0-2: Ball
1-2: Ball
2-2: Foul Ball, location: 2F
2-2: Foul Ball, location: 2F
2-2: Ball
3-2: Base on Balls
Batting: RHB Bill Petty 0-0: Ball
1-0: Ball
2-0: Bunt missed!
2-1: Sac Bunt - play at first, batter OUT! 1-4
Travis Curtis to second
Batting: RHB Valentín Saldaña 0-0: Called Strike
0-1: Ground out 6-3 (Groundball, 56)
Batting: SHB Garrett Waller 0-0: Ball
1-0: Foul Ball, location: 2F
1-1: Ball
2-1: 2-RUN HOME RUN (Flyball, 7LD), Distance : 324 ft
Thursday, March 30th, 2017 - OOTP Baseball 17.12 Build 75